 Dungeon Crawl Stone Soup version 0.19-a0-1091-g463c9de (webtiles) character file.

8334 Gagarin the Slinger (level 11, 0/69 HPs)
             Began as a Halfling Hunter on Aug 7, 2016.
             Was an Elder of Hepliaklqana.
             Slain by a black mamba (14 damage)
             ... on level 1 of the Lair of Beasts.
             The game lasted 00:48:18 (9968 turns).

Gagarin the Slinger (Halfling Hunter)               Turns: 9968, Time: 00:48:19

Health: 0/69       AC: 10    Str: 12    XL:     11   Next: 53%
Magic:  8/16       EV: 19    Int: 17    God:    Hepliaklqana [****..]
Gold:   499        SH:  0    Dex: 17    Spells: 5 memorised, 5 levels left

rFire  . . .     SeeInvis .     B - +1 rapier (venom)
rCold  . . .     Gourm    .     w - +3 leather armour
rNeg   . . .     Faith    .     (shield restricted)
rPois  .         Spirit   .     q - +0 helmet
rElec  .         Dismiss  .     (no cloak)
rCorr  .         Reflect  .     (no gloves)
SustAt .         Harm     .     P - +1 pair of boots
MR     .....                    (no amulet)
Stlth  +++++.....               M - ring of stealth
                                O - +5 ring of intelligence

@:
A: mutation resistance 1
a: Recall Ancestor, Ancestor Identity, Transference, Idealise, Renounce Religion


You were on level 1 of the Lair of Beasts.
You worshipped Hepliaklqana.
Hepliaklqana was greatly pleased with you.
You were not hungry.

You visited 3 branches of the dungeon, and saw 12 of its levels.
You also visited: Bailey.

You collected 611 gold pieces.
You spent 112 gold pieces at shops.

Inventory:

Hand Weapons
 a - a +1 hunting sling
 B - a +1 rapier of venom (weapon)
Missiles
 d - 35 sling bullets
 i - 85 stones (quivered)
Armour
 q - a +0 helmet (worn)
 w - a +3 leather armour (worn)
 P - a +1 pair of boots (worn)
Magical Staves
 R - an uncursed staff of air {unknown}
Jewellery
 D - an uncursed ring of fire {unknown}
 G - an uncursed ring of protection from magic {unknown}
 M - a ring of stealth (right hand)
 O - a +5 ring of intelligence (left hand)
Wands
 s - a wand of acid (10/15)
 C - a wand of flame (17/48)
 S - a wand of paralysis (9/24)
Scrolls
 e - a scroll of fear {unknown}
 h - 4 scrolls of noise {unknown}
 k - 2 scrolls of blinking {unknown}
 l - a scroll of magic mapping {unknown}
 p - 6 scrolls of teleportation
 u - 4 scrolls of remove curse
 x - 8 scrolls of identify
 y - a scroll of enchant armour
 A - 2 scrolls of enchant weapon {unknown}
 H - 2 scrolls of immolation {unknown}
 N - a scroll of recharging {unknown}
Potions
 b - 3 potions of might {unknown}
 j - 4 potions of flight {unknown}
 m - a potion of haste {unknown}
 n - a potion of ambrosia {unknown}
 r - a potion of cancellation {unknown}
 t - 4 potions of heal wounds {unknown}
 E - 4 potions of agility {unknown}
 J - 6 potions of curing
 Q - a potion of resistance {unknown}
 T - 3 potions of magic {unknown}
 U - a potion of experience {unknown}
 V - a potion of degeneration {unknown}
 W - a potion of brilliance {unknown}
Books
 F - a book of Debilitation

   Spells                             Type                      Level
   a - Corona                         Hexes                        1
   b - Slow                           Hexes                        2
   c - Gell's Gravitas                Hexes/Translocation          3
   d - Inner Flame                    Hexes/Fire                   3
   e - Cause Fear                     Hexes                        4
   f - Leda's Liquefaction            Hexes/Earth                  4
Miscellaneous
 g - a lamp of fire
 I - a phial of floods
Comestibles
 c - 15 fruits
 f - 4 bread rations
 o - 8 meat rations
 v - 2 beef jerkies
 z - 15 chunks of flesh
 K - a royal jelly
 L - 2 slices of pizza


   Skills:
 + Level 4.2 Fighting
 + Level 5.8 Short Blades
 + Level 13.0 Slings
 + Level 4.6 Armour
 + Level 7.0 Dodging
 + Level 7.6 Stealth
 - Level 3.4 Spellcasting
 - Level 3.5 Conjurations
 + Level 0.1 Hexes
 + Level 1.9 Translocations
 + Level 0.2 Fire Magic
 - Level 4.2 Air Magic
 - Level 4.0 Poison Magic


You had 5 spell levels left.
You knew the following spells:

 Your Spells              Type           Power        Failure   Level  Hunger
a - Mephitic Cloud        Conj/Pois/Air  ###.....     14%         3    ###....
b - Repel Missiles        Chrm/Air       ##....       14%         2    ##.....
c - Conjure Flame         Conj/Fire      #.......     34%         3    ###....
d - Blink                 Tloc           N/A          17%         2    ##.....
e - Corona                Hex            #......      21%         1    None


Dungeon Overview and Level Annotations

Branches:
Dungeon (9/15)             Temple (1/1) D:4            Lair (2/6) D:9
  Swamp: Lair:2-4    Shoals: Lair:2-4     Snake: Lair:2-4    Spider: Lair:2-4
    Orc: D:9-12

Altars:
Ashenzari
Cheibriados
Dithmenos
Elyvilon
Fedhas
Gozag
Hepliaklqana
Kikubaaqudgha
Makhleb
Nemelex Xobeh
Okawaru
Pakellas
Qazlal
Ru
Sif Muna
Trog
Uskayaw
Vehumet
Xom
Yredelemnul
Zin
The Shining One

Shops:
D:4 ??([:   D:6 :


Innate Abilities, Weirdness & Mutations

You are small and have problems with some larger weapons.
You are somewhat resistant to further mutation.


Message History

The black mamba completely misses you.
The black mamba bites you but does no damage.
The black mamba bites you!
You are poisoned.
The black mamba poisons you!
You feel sick. The black mamba bites you.
Your magical contamination has completely faded away.
You feel sick. The black mamba completely misses you.
You feel sick. The black mamba barely misses you.
You feel sick.
Hori has departed this plane of existence.
You feel sick. The black mamba closely misses you.
There is a stone staircase leading up here.
You feel sick. The black mamba bites you!
* * * LOW HITPOINT WARNING * * *
The black mamba closely misses you.
You climb upwards.
You feel sick.
There is a stone staircase leading down here.
It was a potion of curing.
You feel better. The black mamba bites you!
You die...

#####...# ###.#.......#.# #..###
........###...........#.# #...#
..............#.......#.## #..P#
..............#.......#..# #...#
......................#.####..##
..............####+###...##...##
...........[............###...P#
#####...........S........###..##
#...........@.............#
#....###.#................#
#....+...#................###
#....#......###########......
##....#...#..P# ##.....
#.........#..P# #......
##........#..## ##.....
#)...+......# #.....
#....#......# #.....


You could see a black mamba.

Vanquished Creatures
  A black mamba (Lair:2)
  A rime drake (Lair:2)
  A komodo dragon (Lair:2)
  A hippogriff (Lair:1)
  2 water moccasins
  2 porcupines (Lair:1)
  An orc warrior (D:8)
  2 sky beasts
  A black bear (D:9)
  3 ogres
  2 centaurs
  A crocodile (Lair:2)
  4 giant frogs
  3 scorpions
  2 wights (D:9)
  4 howler monkeys
  A crimson imp (D:9)
  A quasit (D:5)
  A jelly (D:9)
  3 hounds
  3 orc wizards
  2 giant frog skeletons
  An iguana (Lair:2)
  Natasha (thrice) (D:2)
  2 worker ants
  A howler monkey zombie (D:6)
  9 gnolls
  6 adders
  An ooze (D:7)
  3 worms (D:2)
  2 dart slugs (D:2)
  6 giant geckos
  21 orcs
  8 giant cockroaches
  9 goblins
  15 hobgoblins
  9 jackals
  3 quokkas
  2 ball pythons
  5 bats
  2 giant gecko skeletons
  3 giant newts
  14 kobolds
  A quokka skeleton (D:4)
  13 rats
181 creatures vanquished.

Vanquished Creatures (collateral kills)
  The ghost of CypherZel the Cleaver, a journeyman VSBe of Trog (Lair:1)
  Nergalle (Lair:2)
  An orc knight (Bailey)
  A black mamba (Lair:1)
  A komodo dragon (Lair:1)
  3 yaks
  A hippogriff (Lair:2)
  4 porcupines
  2 water moccasins
  A black bear (D:9)
  A wasp (Lair:2)
  2 sky beasts
  2 centaurs
  2 crocodiles
  A big kobold (D:9)
  A giant frog (D:8)
  5 wights
  3 crimson imps
  A jelly (D:7)
  2 orc wizards (D:8)
  3 iguanas
  A worker ant (D:5)
  An adder (D:8)
  8 gnolls
  2 shadow imps
  An adder zombie (D:6)
  3 orcs
  3 hobgoblins (Bailey)
  5 kobolds
63 creatures vanquished.

Vanquished Creatures (others)
  3 battlemagi
3 creatures vanquished.

Grand Total: 247 creatures vanquished

Notes
Turn   | Place    | Note
-------+----------+-------------------------------------------
     0 | D:1      | Gagarin the Halfling Hunter began the quest for the Orb.
     0 | D:1      | Reached XP level 1. HP: 14/14 MP: 1/1
    12 | D:1      | Reached skill level 6 in Slings
   143 | D:1      | Reached XP level 2. HP: 19/19 MP: 2/2
   526 | D:1      | Reached XP level 3. HP: 24/24 MP: 3/3
   587 | D:2      | Noticed Natasha
   588 | D:2      | Reached skill level 7 in Slings
   594 | D:2      | Killed Natasha
   606 | D:2      | Noticed Natasha
   610 | D:2      | Killed Natasha
   610 | D:2      | Reached XP level 4. HP: 29/29 MP: 4/4
   850 | D:2      | Noticed Natasha
   861 | D:2      | Killed Natasha
   861 | D:2      | Reached skill level 8 in Slings
   861 | D:2      | Reached XP level 5. HP: 6/34 MP: 5/5
  1285 | D:2      | Learned a level 3 spell: Mephitic Cloud
  1783 | D:3      | Reached XP level 6. HP: 39/39 MP: 6/6
  1947 | D:3      | Reached skill level 9 in Slings
  1947 | D:3      | Reached skill level 1 in Armour
  1947 | D:3      | Reached skill level 1 in Spellcasting
  1947 | D:3      | Reached skill level 1 in Air Magic
  2100 | D:3      | Found a faded altar of an unknown god.
  2395 | D:4      | Found a staircase to the Ecumenical Temple.
  2408 | Temple   | Entered the Ecumenical Temple
  2748 | Temple   | Became a worshipper of Hepliaklqana
  2941 | D:4      | Found Zebluf Unwes's Magic Scroll Shoppe.
  2965 | D:4      | Bought a scroll of teleportation for 42 gold pieces
  2965 | D:4      | Bought a scroll of identify for 28 gold pieces
  2965 | D:4      | Bought a scroll of remove curse for 42 gold pieces
  2991 | D:4      | Reached skill level 1 in Conjurations
  3055 | D:4      | Found Ozomut's Weapon Boutique.
  3077 | D:4      | Found Jangat's Book Emporium.
  3086 | D:4      | Reached skill level 1 in Poison Magic
  3210 | D:4      | Found Sitruduq's Antique Armour Shop.
  3379 | D:4      | Found Gitisch's Magic Scroll Emporium.
  3385 | D:4      | Identified the Grimoire of Ashen Execration
  3424 | D:4      | Reached XP level 7. HP: 43/44 MP: 8/8
  3508 | D:5      | Entered Level 5 of the Dungeon
  3537 | D:5      | Found an opulent altar of Gozag.
  3543 | D:5      | Reached * piety under Hepliaklqana
  3562 | D:5      | Found a stormy altar of Qazlal.
  3562 | D:5      | Noticed an air elemental
  3595 | D:5      | Reached skill level 1 in Short Blades
  3927 | D:5      | Found a basalt altar of Yredelemnul.
  3927 | D:5      | Found a burning altar of Makhleb.
  3930 | D:5      | Found a hide-covered altar of Uskayaw.
  3931 | D:5      | Found a blossoming altar of Fedhas.
  3931 | D:5      | Found a shimmering altar of Xom.
  3931 | D:5      | Found a sacrificial altar of Ru.
  4011 | D:5      | Reached XP level 8. HP: 50/50 MP: 10/10
  4073 | D:5      | Found a bloodstained altar of Trog.
  4151 | D:5      | Found a white marble altar of Elyvilon.
  4151 | D:5      | Found a glowing silver altar of Zin.
  4152 | D:5      | Found a glowing golden altar of the Shining One.
  4280 | D:5      | Noticed a water elemental
  4280 | D:5      | Noticed a fire elemental
  4495 | D:6      | Found a radiant altar of Vehumet.
  4657 | D:6      | Found Riegokk's Book Shoppe.
  4786 | D:6      | Reached skill level 10 in Slings
  5244 | D:7      | Reached ** piety under Hepliaklqana
  5245 | D:7      | Remembered your ancestor Hori as a battlemage
  5609 | D:7      | Reached XP level 9. HP: 54/54 MP: 8/12
  5661 | D:7      | Found an iron altar of Okawaru.
  5855 | D:8      | Found a deep blue altar of Sif Muna.
  5984 | D:8      | Found a flagged portal.
  6062 | Bailey   | Entered a bailey
  6377 | Bailey   | Noticed an orc knight
  6419 | Bailey   | Killed an orc knight
  6805 | D:8      | Reached skill level 5 in Dodging
  6805 | D:8      | Reached XP level 10. HP: 56/62 MP: 14/14
  6824 | D:8      | Reached skill level 11 in Slings
  7412 | D:9      | Reached *** piety under Hepliaklqana
  7634 | D:9      | Reached skill level 5 in Stealth
  7833 | D:9      | Found a staircase to the Lair.
  8043 | Lair:1   | Entered Level 1 of the Lair of Beasts
  8065 | Lair:1   | Noticed a komodo dragon
  8075 | Lair:1   | Killed a komodo dragon
  8149 | Lair:1   | Learned a level 2 spell: Repel Missiles
  8153 | Lair:1   | Learned a level 3 spell: Conjure Flame
  8156 | Lair:1   | Learned a level 2 spell: Blink
  8206 | Lair:1   | Reached skill level 12 in Slings
  8441 | Lair:1   | Noticed CypherZel's ghost (journeyman VSBe)
  8924 | Lair:1   | Killed CypherZel's ghost
  8924 | Lair:1   | Reached skill level 5 in Short Blades
  9078 | Lair:1   | Noticed a black mamba
  9088 | Lair:1   | Killed a black mamba
  9088 | Lair:1   | Reached skill level 1 in Translocations
  9088 | Lair:1   | Reached XP level 11. HP: 58/67 MP: 13/16
  9398 | Lair:2   | Noticed Nergalle
  9408 | Lair:2   | Noticed a spectral orc warlord
  9410 | Lair:2   | Killed Nergalle
  9749 | Lair:2   | Learned a level 1 spell: Corona
  9810 | Lair:2   | Reached **** piety under Hepliaklqana
  9903 | Lair:2   | Reached skill level 13 in Slings
  9968 | Lair:1   | Slain by a black mamba

Vault maps used:
D:1:      dpeg_arrival_prison
D:2:      uniq_natasha
D:3:      first_bread, ecumenical_altar_2
D:4:      serial_shops, shop, shop, shop, shop_statue, shop, due_unseen_surprise
D:5:      good_gods_mini_temple, nicolae_overflow_crystal_walls,
          lemuel_crystal_altar, grunt_temple_overflow_open, st_stairs_11,
          nicolae_qazlal_style_of_elements
D:6:      kennysheep_six_static_rooms, vehumet_crystals, serial_shops,
          kennysheep_little_box, kennysheep_generic_room_7
D:7:      okawaru_ov_weapons_minmay
D:8:      lemuel_doored_altar, enter_bailey_2
D:9:      lair_0_dummy
Temple:   compressed_dpeg_triangle_lava_temple
Lair:1:   grunt_forest_large_clearings
Lair:2:   minivault_24, uniq_nergalle
Bailey:   bailey_axe_2, bailey

Skill      XL: |  1  2  3  4  5  6  7  8  9 10 11 |
---------------+----------------------------------+-----
Slings         | 6 7 8 9 10 12 13 | 13.0
Armour         | 1 2 3 4 |  4.6
Stealth        | 2 3 4 6 7 |  7.6
Spellcasting   | 1 2 3 |  3.4
Air Magic      | 1 2 3 4 |  4.2
Conjurations   | 1 2 3 |  3.5
Poison Magic   | 1 2 3 4 |  4.0
Short Blades   | 2 3 4 5 |  5.8
Dodging        | 3 4 5 6 7 |  7.0
Fighting       | 2 3 4 |  4.2
Translocations | 1 |  1.9
Hexes          | |  0.1
Fire Magic     | |  0.2

Action                   |  1- 3 |  4- 6 |  7- 9 | 10-12 || total
-------------------------+-------+-------+-------+-------++-------
Melee: Short sword       |     2 |    54 |       |       ||    56
       Rapier            |       |     3 |   178 |   111 ||   292
 Fire: Hunting sling     |    57 |   139 |    93 |    43 ||   332
 Cast: Mephitic Cloud    |       |       |    11 |     8 ||    19
       Blink             |       |       |       |     4 ||     4
       Conjure Flame     |       |       |       |     1 ||     1
       Corona            |       |       |       |     2 ||     2
Invok: Recall Ancestor   |       |       |     2 |       ||     2
       Ancestor Life: Ba |       |       |     1 |       ||     1
  Use: Scroll            |       |       |       |     6 ||     6
       Potion            |       |       |       |     1 ||     1
 Stab: Sleeping          |     1 |     6 |    12 |    11 ||    30
       Distracted        |       |       |     1 |     3 ||     4
       Confused          |       |       |     1 |     1 ||     2
  Eat: Chunk             |       |     7 |    12 |    10 ||    29
       Pizza             |       |       |       |     1 ||     1
Armor: Leather armour    |     3 |    15 |    63 |    19 ||   100
Dodge: Dodged            |    12 |    54 |   202 |   113 ||   381
